 Dungeon Crawl Stone Soup version 0.31-a0-164-g2312942fda (webtiles) character file.

Game seed: 1557367204657999376

382 qw the Shooter (level 6, -1/57 HPs)
             Began as a Naga Hunter on June 13, 2023.
             Slain by a water moccasin (6 damage)
             ... on level 4 of the Dungeon.
             The game lasted 00:01:21 (2798 turns).

qw the Shooter (Naga Hunter)                        Turns: 2798, Time: 00:01:21

Health: -1/57      AC:  4    Str: 14    XL:     6   Next: 76%
Magic:  6/6        EV:  9    Int:  9    God:
Gold:   221        SH:  0    Dex: 16    Spells: 5/5 levels left

rFire   . . .        Y - +1 shortbow
rCold   . . .        (shield currently unavailable)
rNeg    . . .        c - +0 leather armour
rPois   +            a - +0 helmet
rElec   .            (no cloak)
rCorr   +            (no gloves)
SInv    +            (no barding)
Will    .....        (no amulet)
Stlth   ++           i - ring of resist corrosion
HPRegen 0.29/turn    (no ring)
MPRegen 0.10/turn

%: no passive effects
@: lethally poisoned (-1 -> -3), about to teleport, very slow
A: AC +2, large, see invisible, deformed body, poison resistance, slowness 2,
spit poison 1, naga tail 1
a: Spit Poison


You were on level 4 of the Dungeon.
You visited 1 branch of the dungeon, and saw 4 of its levels.

You collected 221 gold pieces.


Innate Abilities, Weirdness & Mutations

Your serpentine skin is tough. (AC +2)
You have supernaturally acute eyesight. (SInv)
Armour fits poorly on your strangely shaped body.
Your system is resistant to poisons. (rPois)
You cover ground very slowly.
You can spit poison.
You have a snake-like lower body.


   Skills:
 - Level 4.0 Fighting
 + Level 6.3 Ranged Weapons
 - Level 1.5 Dodging
 - Level 1.5 Stealth


You had 5 spell levels left.
You didn't know any spells.
Your spell library was empty.

Inventory:

Hand Weapons
 Y - a +1 shortbow (weapon)
Armour
 a - a +0 helmet (worn)
 b - a +0 cloak
 c - a +0 leather armour (worn)
Jewellery
 i - a ring of resist corrosion (left hand)
 l - a ring of fire
Potions
 e - a potion of berserk rage {unknown}
 f - a potion of resistance {unknown}
 g - a potion of magic {unknown}
 h - a potion of enlightenment {unknown}
 k - 2 potions of curing {unknown}

Dungeon Overview and Level Annotations

Branches:
Dungeon (4/15)
 Temple: D:4-7

Altars:


Message History

The water moccasin closely misses you.
The ufetubus hits you but does no damage.
The ufetubus completely misses you.
You shoot an arrow. The arrow hits the ufetubus.
The ufetubus is severely wounded.
The ufetubus hits you. x2; The water moccasin bites you.
The ufetubus hits you. x2
The water moccasin bites you but does no damage.
You shoot an arrow. The arrow hits the ufetubus.
You kill the ufetubus!
The water moccasin bites you.
You shoot an arrow.
The arrow barely misses the water moccasin.
You have got your breath back.
The water moccasin bites you. x2
You are poisoned.
The water moccasin poisons you!
You shoot an arrow. The arrow misses the water moccasin.
You feel very sick. The water moccasin barely misses you.
The water moccasin completely misses you.
You shoot an arrow.
The arrow hits the water moccasin but does no damage.
The water moccasin is lightly wounded.
You feel very sick. The water moccasin barely misses you.
You shoot an arrow.
The arrow barely misses the water moccasin.
You feel sick. The water moccasin barely misses you.
The water moccasin closely misses you.
You shoot an arrow. The arrow hits the water moccasin!
The water moccasin is moderately wounded.
You feel sick. The water moccasin barely misses you.
You shoot an arrow.
The arrow barely misses the water moccasin.
You feel sick. The water moccasin bites you. x2
2798 ||| READING scroll of teleportation.
As you read the scroll of teleportation, it crumbles to dust.
You feel strangely unstable.
You feel sick. The water moccasin bites you.
You die...

#.# #.# #.## ##.# #
##.## ##.## .#
##.###.## ####..
##...## #... ++#
######.#######.###
....
.................#
.....
####.#.###.......#...7
#.#.# #####.#@S).7
#.#.# #.#.'..7 #.#.#
#.###..87 #.#.. ..#
...... #.### #%. ...$.
#.# #.. ##++# #.# #.#
#%# #.# #.#


You could see a water moccasin.

Vanquished Creatures
  Eustachio (D:4)
  A scorpion (D:4)
  An orc priest (D:4)
  A jelly (D:4)
  Robin (D:2)
  4 adders
  2 ufetubi (D:4)
  2 worms
  4 dart slugs
  6 endoplasms
  3 giant cockroaches (D:1)
  8 goblins
  2 hobgoblins
  9 kobolds
  3 quokkas
  7 ball pythons
  5 bats
  2 frilled lizards (D:1)
  4 rats
66 creatures vanquished.

Notes
Turn   | Place    | Note
-------+----------+-------------------------------------------
     0 | D:1      | qw the Naga Hunter began the quest for the Orb.
     0 | D:1      | Reached XP level 1. HP: 19/19 MP: 1/1
     0 | D:1      | 0 ||| qw: Version: 0.2-a-29-gc1b59c4
     0 | D:1      | 0 ||| qw: Game counter: 4595
     0 | D:1      | 0 ||| qw: Always use a shield: true
     0 | D:1      | 0 ||| qw: God list: Okawaru
     0 | D:1      | 0 ||| qw: Allow faded altars: false
     0 | D:1      | 0 ||| qw: Do Orc after D:15 true
     0 | D:1      | 0 ||| qw: Do second Lair branch before Depths: true
     0 | D:1      | 0 ||| qw: Lair rune preference: random
     0 | D:1      | 0 ||| qw: Plans: Normal
     0 | D:1      | 0 ||| PLANNING D:1-11
    36 | D:1      | 36 ||| INVOKING Spit Poison.
    66 | D:1      | 66 ||| INVOKING Spit Poison.
    96 | D:1      | 96 ||| INVOKING Spit Poison.
    97 | D:1      | Reached skill level 4 in Ranged Weapons
    97 | D:1      | Reached XP level 2. HP: 26/26 MP: 2/2
   122 | D:1      | 122 ||| INVOKING Spit Poison.
   213 | D:1      | 213 ||| INVOKING Spit Poison.
   347 | D:1      | 347 ||| INVOKING Spit Poison.
   376 | D:1      | 376 ||| INVOKING Spit Poison.
   381 | D:1      | 381 ||| INVOKING Spit Poison.
   385 | D:1      | 385 ||| INVOKING Spit Poison.
   391 | D:1      | 391 ||| INVOKING Spit Poison.
   396 | D:1      | 396 ||| INVOKING Spit Poison.
   418 | D:1      | 418 ||| INVOKING Spit Poison.
   510 | D:1      | 510 ||| INVOKING Spit Poison.
   514 | D:1      | 514 ||| INVOKING Spit Poison.
   691 | D:1      | 691 ||| DROPPING scroll of butterflies.
   858 | D:2      | 858 ||| INVOKING Spit Poison.
   860 | D:2      | Reached XP level 3. HP: 32/32 MP: 3/3
   874 | D:2      | 874 ||| INVOKING Spit Poison.
   914 | D:2      | 914 ||| INVOKING Spit Poison.
   949 | D:2      | 949 ||| INVOKING Spit Poison.
   952 | D:2      | 952 ||| INVOKING Spit Poison.
   993 | D:2      | 993 ||| INVOKING Spit Poison.
  1018 | D:2      | 1018 ||| INVOKING Spit Poison.
  1021 | D:2      | 1021 ||| INVOKING Spit Poison.
  1090 | D:2      | 1090 ||| INVOKING Spit Poison.
  1092 | D:2      | 1092 ||| UPGRADING to ring of resist corrosion.
  1093 | D:2      | 1093 ||| READING scroll labelled IRPHAL XA HISYSM.
  1096 | D:2      | 1096 ||| READING 3 scrolls labelled NILOTAARIR.
  1097 | D:2      | 1097 ||| DROPPING 2 scrolls of revelation.
  1145 | D:2      | 1145 ||| STAIRDANCE
  1160 | D:2      | 1160 ||| INVOKING Spit Poison.
  1163 | D:2      | Noticed Robin
  1164 | D:2      | 1164 ||| INVOKING Spit Poison.
  1170 | D:2      | 1170 ||| INVOKING Spit Poison.
  1175 | D:2      | 1175 ||| INVOKING Spit Poison.
  1175 | D:2      | Killed Robin
  1181 | D:2      | 1181 ||| INVOKING Spit Poison.
  1184 | D:2      | HP: 8/32 [hobgoblin[Robin] (5)]
  1185 | D:2      | 1185 ||| INVOKING Spit Poison.
  1187 | D:2      | 1187 ||| FLEEEEING.
  1188 | D:2      | 1188 ||| FLEEEEING.
  1189 | D:2      | 1189 ||| FLEEEEING.
  1190 | D:2      | 1190 ||| FLEEEEING.
  1191 | D:2      | 1191 ||| FLEEEEING.
  1192 | D:2      | 1192 ||| FLEEEEING.
  1194 | D:2      | 1194 ||| FLEEEEING.
  1195 | D:2      | 1195 ||| FLEEEEING.
  1196 | D:2      | 1196 ||| FLEEEEING.
  1197 | D:2      | 1197 ||| FLEEEEING.
  1198 | D:2      | 1198 ||| STAIRDANCE
  1275 | D:2      | 1275 ||| STAIRDANCE
  1277 | D:1      | 1277 ||| INVOKING Spit Poison.
  1279 | D:1      | Reached skill level 5 in Ranged Weapons
  1341 | D:2      | 1341 ||| INVOKING Spit Poison.
  1345 | D:2      | 1345 ||| STAIRDANCE
  1348 | D:1      | 1348 ||| INVOKING Spit Poison.
  1350 | D:1      | Reached XP level 4. HP: 28/39 MP: 4/4
  1400 | D:2      | 1400 ||| INVOKING Spit Poison.
  1432 | D:2      | 1432 ||| INVOKING Spit Poison.
  1444 | D:2      | 1444 ||| INVOKING Spit Poison.
  1449 | D:2      | 1449 ||| INVOKING Spit Poison.
  1529 | D:2      | 1529 ||| INVOKING Spit Poison.
  1687 | D:2      | 1687 ||| UPGRADING to +0 helmet.
  1692 | D:2      | 1692 ||| DRINKING 2 yellow potions.
  1693 | D:2      | 1693 ||| DROPPING potion of brilliance.
  1709 | D:3      | 1709 ||| INVOKING Spit Poison.
  1712 | D:3      | 1712 ||| STAIRDANCE
  1714 | D:2      | 1714 ||| INVOKING Spit Poison.
  1784 | D:3      | 1784 ||| INVOKING Spit Poison.
  1843 | D:3      | Reached skill level 3 in Fighting
  1852 | D:3      | 1852 ||| INVOKING Spit Poison.
  1935 | D:3      | 1935 ||| INVOKING Spit Poison.
  2044 | D:3      | 2044 ||| INVOKING Spit Poison.
  2067 | D:3      | 2067 ||| INVOKING Spit Poison.
  2274 | D:3      | 2274 ||| READING scroll labelled ILUATE NIRI.
  2275 | D:3      | 2275 ||| READING scroll labelled LOSEB APUCYCWI.
  2309 | D:4      | 2309 ||| INVOKING Spit Poison.
  2309 | D:4      | Noticed Eustachio
  2313 | D:4      | 2313 ||| INVOKING Spit Poison.
  2317 | D:4      | 2317 ||| INVOKING Spit Poison.
  2323 | D:4      | 2323 ||| INVOKING Spit Poison.
  2323 | D:4      | Killed Eustachio
  2324 | D:4      | Reached skill level 6 in Ranged Weapons
  2324 | D:4      | Reached XP level 5. HP: 38/49 MP: 5/5
  2324 | D:4      | Reached XP level 6. HP: 43/56 MP: 6/6
  2509 | D:4      | 2509 ||| INVOKING Spit Poison.
  2663 | D:4      | 2663 ||| INVOKING Spit Poison.
  2717 | D:4      | 2717 ||| INVOKING Spit Poison.
  2775 | D:4      | 2775 ||| INVOKING Spit Poison.
  2782 | D:4      | 2782 ||| INVOKING Spit Poison.
  2783 | D:4      | Noticed a water moccasin
  2789 | D:4      | 2789 ||| INVOKING Spit Poison.
  2797 | D:4      | HP: 12/57 [water moccasin (6)]
  2798 | D:4      | 2798 ||| READING scroll of teleportation.
  2798 | D:4      | HP: 5/57 [poisoned by a water moccasin]
  2798 | D:4      | Slain by a water moccasin

Levels and vault maps discovered:
D:1:      minmay_arrival_up_and_down, layout_basic
D:2:      layout_basic, uniq_robin
D:3:      layout_basic
D:4:      layout_loops_ring, serial_shops, nicolae_lakefront_shop,
          nicolae_zen_rock_garden, corexii_checkpoint_b, supply_closet_lemuel,
          kennysheep_generic_room_7, uniq_eustachio

Skill      XL: |  1  2  3  4  5  6 |
---------------+-------------------+-----
Ranged Weapons | 4 5 6 |  6.3
Fighting       | 3 4 |  4.0
Dodging        | |  1.5
Stealth        | |  1.5

Action                     |  1- 3 |  4- 6 || total
---------------------------+-------+-------++-------
   Fire: Shortbow          |    73 |    63 ||   136
Ability: Spit Poison       |    32 |    22 ||    54
    Use: Scroll            |     2 |     3 ||     5
         Potion            |       |     1 ||     1
 Armour: Leather armour    |     8 |     4 ||    12
  Dodge: Dodged            |    25 |    18 ||    43

Table legend:
 A = Non-vault XP
 B = Vault XP
 C = Vault XP percentage of total XP
 D = Non-vault monster count
 E = Vault monster count
 F = Vault count percentage of total count
                 A         B        C        D         E       F
            +---------+---------+-------+---------+---------+-------
      Total |     279 |     267 |  48.9 |      56 |      10 |  15.2
            +---------+---------+-------+---------+---------+-------
        D:1 |      38 |       2 |   5.0 |      20 |       1 |   4.8
        D:2 |      55 |      28 |  33.7 |      18 |       6 |  25.0
        D:3 |      29 |       0 |   0.0 |      10 |       0 |   0.0
        D:4 |     157 |     237 |  60.2 |       8 |       3 |  27.3
            +---------+---------+-------+---------+---------+-------
